Yev-Ruu, chaotic female vampiric Convict --- -.| --- ----- -- .| |..--.|.--.-- .| --- - |...........| .| |.... ---...........| - -.| ----- |...................--- -- ..------. |.| |... -..............G.....-------- ................--. |.| |... -.......@%..G.....................h.- -....-- |.| |..--- --- --.....%...........---- -- --.....| |.| |.%..|----|.. -.................-- -......--|.| |.--.--...|.- ....................| -..^..|.| |.||....).).| -.....................|.| ----%.(.| --.|--.......--- |.....................---- .....|--[.| |.........--- --...---...........%--- #|..|.|....| |...........| ---- --.--.......-- ---|.|.---- --..........| -- --....--- --...-- |...%...---- ...--- |.....| --..<...| G.-- --....| --...--- --- ------ --.-- --- Yev-Ruu the Jail-bird Experience level: 6 Strength: 16 Dexterity: 12 Constitution: 18 Intelligence: 9 Wisdom: 9 Charisma: 10 Health: 0(59) Energy: 41(41) AC: 10 Gold: 665 Moves: 537 Your Inventory: Coins $ - 665 gold pieces Armor b - a cursed +0 striped shirt g - an [uncursed +0] leather hat [elven leather helm] Scrolls o - an [uncursed] scroll of identify Potions n - a [cursed] pink potion [of paralysis] Rings j - a [cursed] obsidian ring [of teleportation] Wands i - an [uncursed] wand of sleep [0:7] Tools c - an uncursed blindfold k - an [uncursed] partly used [tallow] candle (lit) l - an [uncursed +0] pick-axe Gems a - 6 uncursed rocks (in quiver) Iron balls d - an [uncursed] heavy iron ball (chained to you) Spells known in the end: Name Level Category Fail Memory Your skills at the end: Fighting Skills Weapon Skills sling [Basic / Skilled] Spellcasting Skills Final Attributes: You were fervently aligned. Hunger level was -20. Your alignment was 12 / 12. Monster difficulty range was 0 - 5. Level difficulty was 4. You were immune to level-drain. You were immune to sickness. You were punished. You could fly. You could survive without air. You regenerated. Your luck was zero. Tymora was angry with you (1). You are dead. Vanquished creatures: a shrieker a gnome lord a little dog a floating eye 5 dwarves 19 gnomes 2 gnome zombies a gecko 2 jackals 2 bats a lichen a kobold zombie 37 creatures vanquished. Voluntary challenges: You were an atheist. You were a nudist. You left the true Path of Zen. You went without food. You never hit with a wielded weapon. You read items or engraved 2 times. You never genocided any monsters. You never polymorphed an object. You never changed form. You used no wishes. You abstained from Elbereth's help. You never encountered a bones level. You never used any Sokoban shortcuts. Dungeon overview: The Dungeons of Doom: levels 1 to 2 Level 1 a fountain a long staircase Level 2 some fountains stairs to The Gnomish Mines The Gnomish Mines: levels 3 to 4 Level 3 stairs to The Dungeons of Doom Level 4 <- You were here History has recorded: On T:1 you entered the Dungeons of Doom to retrieve the Amulet of Yendor! On T:49 you reached level 2 of The Dungeons of Doom. On T:68 you advanced to experience level 2. On T:245 you advanced to experience level 3. On T:314 you reached level 1 of The Gnomish Mines. On T:329 you advanced to experience level 4. On T:364 you advanced to experience level 5. On T:456 you reached level 2 of The Gnomish Mines. On T:481 you advanced to experience level 6. Latest messages: [HP+1=52] The gnome swings her crossbow. The gnome hits! [HP-5=47] You faint from lack of food. The gnome lord zaps a platinum wand! The wand hits the gnome! The gnome is killed! The wand hits you! [HP-9=38] The gnome hits! The gnome lord zaps a wand of striking! The wand hits you! [HP-9=29] [HP+1=30] The gnome hits! The gnome lord zaps a wand of striking! The wand hits you! You hear the howling of the CwnAnnwn... [HP-24=6] The gnome lord zaps a wand of striking! The wand hits you! You die... Final status: Goodbye Yev-Ruu the Convict... You died in The Gnomish Mines on dungeon level 4 with 1535 points, and 665 pieces of gold, after 537 moves. You were level 6 with a maximum of 59 hit points when you died.